 Seeded DCSS version 0.27.1-3-gb3d3a73c9e (webtiles) character file.

Game seed: 20211025 (custom seed)

466 jessy the Twirler (level 6, -6/46 HPs)
             Began as a Palentonga Monk on Oct 25, 2021.
             Was a Priest of Hepliaklqana.
             Killed from afar by an orc wizard (10 damage)
             ... with a puff of flame
             ... on level 4 of the Dungeon on Oct 26, 2021.
             The game lasted 00:17:17 (5033 turns).

jessy the Twirler (Palentonga Monk)                 Turns: 5033, Time: 00:17:17

Health: -6/46      AC:  4    Str: 16    XL:     6   Next: 81%
Magic:  6/6        EV: 11    Int: 10    God:    Hepliaklqana [***...]
Gold:   154        SH:  0    Dex: 13    Spells: 5/5 levels left

rFire    . . .     SeeInvis +   e - +0 dire flail
rCold    + . .     Faith    .   (shield currently unavailable)
rNeg     . . .     Spirit   .   d - +0 robe
rPois    .         Reflect  .   A - +0 hat
rElec    .         Harm     .   (no cloak)
rCorr    .         Rampage  .   (no gloves)
Will     .....                  (no barding)
Stlth    ++........             (no amulet)
HPRegen  0.15/turn              n - ring of protection from cold
MPRegen  0.10/turn              (no ring)

@: no status effects
A: reduced essence, large, rugged brown scales 3, see invisible, deformed body,
roll 1, armoured tail
a: Rolling Charge, Renounce Religion, Ancestor Life: Knight, Ancestor Life:
Battlemage, Ancestor Life: Hexer, Recall Ancestor, Ancestor Identity,
Transference


You were on level 4 of the Dungeon.
You worshipped Hepliaklqana.
Hepliaklqana was most pleased with you.
You visited 1 branch of the dungeon, and saw 4 of its levels.

You collected 154 gold pieces.

Inventory:

Hand Weapons
 a - a +0 falchion
 e - a +0 dire flail (weapon)
 g - a +0 quarterstaff
 i - a +0 hand axe
 q - a +0 hunting sling
 t - a +1 short sword of venom
Missiles
 f - 102 stones
Armour
 b - a +0 robe
 d - a +0 robe (worn)
 A - a +0 hat (worn)
Jewellery
 n - a ring of protection from cold (left hand)
 r - a ring of protection from fire
Wands
 y - a wand of flame (15)
Scrolls
 c - 2 scrolls of immolation {unknown}
 o - a scroll of fog {unknown}
 p - a scroll of teleportation {unknown}
 s - a scroll of identify {unknown}
 u - a scroll of fear {unknown}
 v - a scroll of summoning {unknown}
 x - a scroll of acquirement {unknown}
 z - a scroll of enchant armour {unknown}
Potions
 h - a potion of attraction {unknown}
 j - a potion of brilliance {unknown}
 k - a potion of haste {unknown}
 l - 2 potions of flight {unknown}
 m - 2 potions of might {unknown}
 w - a potion of curing {unknown}


   Skills:
 + Level 4.0 Fighting
 + Level 3.3 Long Blades
 + Level 0.1(2.7) Maces & Flails
 + Level 4.5 Staves
 + Level 3.8 Dodging
 + Level 2.1 Stealth


You had 5 spell levels left.
You didn't know any spells.
Your spell library contained the following spells:

 Spells                   Type           Power      Damage    Failure   Level
 Corpse Rot               Necr/Air       N/A        N/A       50%         2
 Poisonous Vapours        Pois/Air       0%         N/A       50%         2
 Freezing Cloud           Conj/Ice/Air   0%         6-21      100%        5


Dungeon Overview and Level Annotations

Branches:
Dungeon (4/15)
 Temple: D:4-7

Altars:
Hepliaklqana
Yredelemnul

Shops:
D:1 =?([


Innate Abilities, Weirdness & Mutations

Your life essence is reduced to manifest your ancestor. (-10% HP)
You are completely covered in rugged brown scales. (AC +3, +7% HP)
You have supernaturally acute eyesight. (SInv)
Armour fits poorly on your strangely shaped body.
You can roll at nearby foes to attack.
You have a long armoured tail.


Message History

Ahhotep hits the orc wizard.
The hobgoblin hits you.
You miss the orc wizard.
Your tail-slap misses the orc wizard.
The orc wizard is moderately wounded.
The orc hits you with a +0 flail. The orc wizard hits you with a +0 whip.
Ahhotep closely misses the orc wizard.
The hobgoblin misses you. The orc misses you.
You barely miss the orc. The orc wizard barely misses you.
Ahhotep hits the orc wizard.
The hobgoblin barely misses you. The orc barely misses you.
Ahhotep completely misses the orc wizard.
The orc wizard closely misses you.
You closely miss the orc. The hobgoblin hits you. The orc closely misses you.
Ahhotep completely misses the orc wizard.
The orc wizard closely misses you.
You puncture the orc!
You kill the orc!
The hobgoblin hits you but does no damage.
The orc wizard hits you with a +0 whip.
Ahhotep hits the orc wizard.
The hobgoblin barely misses you. The orc wizard casts a spell at you.
The magic dart hits you!
* * * LOW HITPOINT WARNING * * *
Ahhotep completely misses the orc wizard.
Things that are here:
a +0 flail; a scroll labelled QUENUR BUALA; an orc corpse You hit the hobgoblin.
You kill the hobgoblin!
Ahhotep hits the orc wizard.
The orc wizard gestures at you while chanting.
You resist with some effort.
Found a stone staircase leading down.
Ahhotep closely misses the orc wizard.
The orc wizard hits you with a +0 whip.
* * * LOW HITPOINT WARNING * * *
You see here a hobgoblin corpse.
Ahhotep hits the orc wizard.
The orc wizard hits you with a +0 whip.
* * * LOW HITPOINT WARNING * * *
Ahhotep closely misses the orc wizard.
The orc wizard points at you and mumbles some strange words.
The puff of flame hits you!
You die...

.....##
.......
##....#
.......
.....##
....... #
..... .......
.#.... ......#
.... ....#
#.## ..###
##..### ###
#.)@..# #
#..o#..#
##.R#......
#...#........
##).##.......#
##...#
........
##...##
#>....#. #
##....# #...##
# ###.....#


You could see the friendly Ahhotep the ancestor and an orc wizard (invisible,
ally target).

Vanquished Creatures
  Grinder (D:3)
  A sky beast (D:3)
  A hound (D:4)
  An iguana (D:4)
  An orc wizard (D:4)
  3 adders (D:2)
  A worm (D:2)
  3 orcs
  4 endoplasms
  3 giant cockroaches
  9 goblins
  4 hobgoblins
  3 jackals (D:2)
  7 kobolds
  3 quokkas
  5 ball pythons
  8 bats
  A frilled lizard (D:2)
  4 rats
63 creatures vanquished.

Vanquished Creatures (collateral kills)
  A dart slug (D:2)
  A ball python (D:3)
  A hobgoblin (D:4)
  A frilled lizard (D:3)
4 creatures vanquished.

Vanquished Creatures (others)
  An ancestor (D:3)
  8 demonic plants (D:2)
  3 fungi (D:2)
  4 plants (D:2)
  2 withered plants (D:2)
18 creatures vanquished.

Grand Total: 85 creatures vanquished

Notes
Turn   | Place    | Note
-------+----------+-------------------------------------------
     0 | D:1      | jessy the Palentonga Monk began the quest for the Orb.
     0 | D:1      | Reached XP level 1. HP: 19/19 MP: 1/1
    10 | D:1      | Found Fotta's Weapon Boutique.
   129 | D:1      | Found Qumot's Magic Scroll Emporium.
   200 | D:1      | Found Paowkaj's Jewellery Emporium.
   595 | D:1      | Reached XP level 2. HP: 25/25 MP: 2/2
   834 | D:1      | Found Wiywomu's Antique Armour Shoppe.
  1178 | D:2      | Found a faded altar of an unknown god.
  1447 | D:2      | Reached XP level 3. HP: 12/31 MP: 3/3
  1823 | D:2      | Reached skill level 1 in Staves
  2046 | D:2      | Became a worshipper of Hepliaklqana the Forgotten
  2046 | D:2      | Reached * piety under Hepliaklqana
  2046 | D:2      | Reached ** piety under Hepliaklqana
  2177 | D:2      | HP: 1/28 [hobgoblin (2)]
  2224 | D:2      | HP: 1/28 [kobold/stone (3)]
  3139 | D:2      | Reached XP level 4. HP: 29/33 MP: 4/4
  3295 | D:3      | Reached *** piety under Hepliaklqana
  3391 | D:3      | Noticed Grinder
  3407 | D:3      | Paralysed by Grinder for 4 turns
  3422 | D:3      | Killed Grinder
  3423 | D:3      | Reached XP level 5. HP: 23/40 MP: 5/5
  3423 | D:3      | Reached XP level 6. HP: 26/46 MP: 6/6
  3562 | D:3      | Noticed a sky beast
  3577 | D:3      | Killed a sky beast
  4561 | D:4      | Found a basalt altar of Yredelemnul.
  5033 | D:4      | Killed from afar by an orc wizard

Illustrated notes

Levels and vault maps discovered:
D:1:      wander_arrival_peaceful_grave, layout_basic, serial_shops,
          nicolae_lakefront_shop, nicolae_shop_waterfront, shop,
          nicolae_square_shop
D:2:      layout_basic, shapermc_ecumenical_altar_gd
D:3:      layout_basic, uniq_grinder
D:4:      layout_cave_pods, mainiacjoe_overflow_24_doors,
          small_statue_intersection

Skill      XL: |  1  2  3  4  5  6 |
---------------+-------------------+-----
Staves         | 1 3 4 |  4.5
Dodging        | 3 |  3.8
Fighting       | 4 |  4.0
Stealth        | 2 |  2.1
Long Blades    | |  3.3
Maces & Flails | |  0.1

Action                   |  1- 3 |  4- 6 || total
-------------------------+-------+-------++-------
Melee: Quarterstaff      |   110 |    49 ||   159
       Tailslap          |    11 |     7 ||    18
       Falchion          |     2 |       ||     2
       Dire flail        |       |    15 ||    15
  Use: Potion            |       |     1 ||     1
 Stab: Sleeping          |     1 |     2 ||     3
Armor: Robe              |    83 |    24 ||   107
Dodge: Dodged            |   117 |    46 ||   163
